 Dungeon Crawl Stone Soup version 0.23-a0-625-g1d2cd9b (console) character file.

4 Duffy the Magician (level 1, -1/15 HPs)
             Began as a Naga Wizard on Dec 24, 2018.
             Slain by an ooze (2 damage)
             ... on level 2 of the Dungeon.
             The game lasted 00:00:18 (132 turns).

Duffy the Magician (Naga Wizard)                     Turns: 132, Time: 00:00:19

Health: -1/15      AC:  1    Str:  9    XL:     1   Next: 60%
Magic:  0/4        EV: 10    Int: 18    God:
Gold:   15         SH:  0    Dex:  9    Spells: 5/6 levels left

rFire    . . .     SeeInvis +   c - 3 chunks of flesh
rCold    . . .     Gourm    .   (no shield)
rNeg     . . .     Faith    .   a - +0 robe
rPois    +         Spirit   .   b - +0 hat
rElec    .         Reflect  .   (no cloak)
rCorr    .         Harm     .   (no gloves)
MR       .....                  (no barding)
Stlth    ++........             (no amulet)
HPRegen  0.05/turn              (no ring)
MPRegen  0.09/turn              (no ring)

@: short of breath, very slow
A: large, see invisible, deformed body, poison resistance, slowness 2, slow
metabolism 1, spit poison 1, AC +0
a: Spit Poison


You were on level 2 of the Dungeon.
You were not hungry.

You visited 1 branch of the dungeon, and saw 2 of its levels.

You collected 15 gold pieces.

Inventory:

Armour
 a - a +0 robe (worn)
 b - a +0 hat (worn)
Comestibles
 c - 3 chunks of flesh (in hand)
 d - a ration


   Skills:
 - Level 1.5 Dodging
 - Level 3.0 Stealth
 + Level 3.1 Spellcasting
 + Level 1.3 Conjurations
   Level 1.0 Summonings
   Level 1.0 Translocations


You had 5 spell levels left.
You knew the following spells:

 Your Spells              Type           Power        Failure   Level  Hunger
h - Magic Dart            Conj           #...         10%         1    None

Your spell library contained the following spells:

 Spells                   Type           Power        Failure   Level  Hunger
 Blink                    Tloc           N/A          16%         2    ##.....
 Call Imp                 Summ           #.......     16%         2    ##.....
 Slow                     Hex            #.......     24%         2    ##.....
 Conjure Flame            Conj/Fire      #.......     36%         3    ###....
 Mephitic Cloud           Conj/Pois/Air  #.......     38%         3    ###....


Dungeon Overview and Level Annotations

Branches:
Dungeon (2/15)

Altars:


Innate Abilities, Weirdness & Mutations

You cannot wear boots.
Your serpentine skin is tough. (AC +0)
You have supernaturally acute eyesight. (SInv)
Armour fits poorly on your strangely shaped body.
Your system is resistant to poisons. (rPois)
You cover ground very slowly.
You have a slow metabolism.
You can spit poison.


Message History

The magic dart hits the ooze.
The ooze is severely wounded.
The ooze hits you.
Casting: Magic Dart (safe; 10% risk of failure)
Confirm with . or Enter, or press ? or * to list all spells.
You don't have enough magic to cast that spell.
Casting: Magic Dart (safe; 10% risk of failure)
Confirm with . or Enter, or press ? or * to list all spells.
You don't have enough magic to cast that spell.
The ooze barely misses you.
You have got your breath back.
Found 17 gold pieces.
Use which ability? (? or * to list)
Press: ? - help, Shift-Dir - straight line, f/p - ooze
Aim: an ooze (severely wounded)
The splash of poison hits the ooze.
The ooze is poisoned.
The ooze is almost dead.
You feel slightly more hungry. The ooze hits you. The ooze hits you.
You die...

#. #.# #. #.# #.# #.
##.###.#.# #.
....!>..## #. #...
... ##.#####.###(.##
#.###....<.....#...#
........######J....#
#.###...# #@~~..#
......# #.~}~.#
#.......# #...~.#
#######.. ......#
#.# ###.### #.. $#
..# ##


You could see an ooze.

Vanquished Creatures
  A leopard gecko (D:2)
  2 goblins
3 creatures vanquished.

Notes
Turn   | Place    | Note
-------+----------+-------------------------------------------
     0 | D:1      | Duffy the Naga Wizard began the quest for the Orb.
     0 | D:1      | Reached XP level 1. HP: 15/15 MP: 4/4
   132 | D:2      | Slain by an ooze

Vault maps used:
D:1:      scummos_arrival_gate
D:2:      chequers_ecumenical_altar_simple_redux, corexii_leaking_fountain,
          makhleb_altar_promises_db, uniq_natasha, uniq_jessica

Action                   || total
-------------------------++-------
 Cast: Magic Dart        ||    10
 Abil: Spit Poison       ||     3
Dodge: Dodged            ||     1

Table legend:
 A = Non-vault XP
 B = Vault XP
 C = Vault XP percentage of total XP
 D = Non-vault monster count
 E = Vault monster count
 F = Vault count percentage of total count
                 A         B        C        D         E       F
            +---------+---------+-------+---------+---------+-------
      Total |       6 |       0 |   0.0 |       3 |       0 |   0.0
            +---------+---------+-------+---------+---------+-------
        D:1 |       2 |       0 |   0.0 |       1 |       0 |   0.0
        D:2 |       4 |       0 |   0.0 |       2 |       0 |   0.0
            +---------+---------+-------+---------+---------+-------
